 Dungeon Crawl Stone Soup version 0.28.0-45-g0d030f2227 (webtiles) character file.

Game seed: 8036445894957201016

127 MisterFreud the Covert (level 5, 0/47 HPs)
             Began as a Gnoll Delver on May 26, 2022.
             Killed from afar by Dowan (6 damage)
             ... with a puff of flame
             ... on level 5 of the Dungeon.
             The game lasted 00:01:25 (395 turns).

MisterFreud the Covert (Gnoll Delver)                Turns: 395, Time: 00:01:26

Health: 0/47       AC:  3    Str: 11    XL:     5   Next: 11%
Magic:  7/7        EV: 13    Int: 12    God:
Gold:   11         SH:  0    Dex: 13    Spells: 6/6 levels left

rFire   . . .      SeeInvis .   a - +0 short sword
rCold   . . .      Faith    .   (no shield)
rNeg    . . .      Spirit   .   b - +0 leather armour
rPois   .          Reflect  .   (no helmet)
rElec   .          Harm     .   (no cloak)
rCorr   .          Rampage  .   (no gloves)
Will    .....                   (no boots)
Stlth   ++++......              (no amulet)
HPRegen 0.15/turn               (no ring)
MPRegen 0.10/turn               (no ring)

@: hasted (expiring), very quick
A: fangs 1, strong nose, distributed training
a: no special abilities


You were on level 5 of the Dungeon.
You visited 1 branch of the dungeon, and saw 3 of its levels.

You collected 11 gold pieces.

Inventory:

Hand Weapons
 a - a +0 short sword (weapon)
Armour
 b - a +0 leather armour (worn)
Wands
 g - a wand of digging (3)
 h - a wand of polymorph (13)
Scrolls
 c - a scroll of fog
 d - a scroll of magic mapping
 i - a scroll of teleportation {unknown}


   Skills:
 + Level 6.6 Fighting
 + Level 4.7 Short Blades
 + Level 1.3 Long Blades
 + Level 1.3 Axes
 + Level 1.3 Maces & Flails
 + Level 1.3 Polearms
 + Level 1.3 Staves
 + Level 1.3 Slings
 + Level 1.3 Bows
 + Level 1.3 Crossbows
 + Level 1.3 Throwing
 + Level 1.3 Armour
 + Level 4.7 Dodging
 + Level 9.6 Stealth
 + Level 1.3 Shields
 + Level 1.3 Unarmed Combat
 + Level 1.3 Spellcasting
 + Level 1.1 Conjurations
 + Level 1.1 Hexes
 + Level 1.1 Summonings
 + Level 1.1 Necromancy
 + Level 1.1 Translocations
 + Level 1.1 Transmutations
 + Level 1.1 Fire Magic
 + Level 1.1 Ice Magic
 + Level 1.1 Air Magic
 + Level 1.1 Earth Magic
 + Level 1.1 Poison Magic
 + Level 1.5 Invocations
 + Level 1.3 Evocations


You had 6 spell levels left.
You didn't know any spells.
Your spell library was empty.

Dungeon Overview and Level Annotations

Branches:
Dungeon (6/15)
 Temple: D:4-7

Altars:

Shops:
D:6 (

Annotations:
D:4 Sigmund
D:5 Dowan, Duvessa


Innate Abilities, Weirdness & Mutations

You have very sharp teeth.
Your uncanny sense of smell can sniff out nearby items.
Your experience applies equally to all skills.


Message History

Cornered, the iguana turns to fight!
You closely miss the iguana. You bite the iguana, but do no damage.
The iguana bites you.
You hit the iguana but do no damage. You hit the iguana.
The iguana is lightly wounded.
The iguana bites you.
You barely miss the iguana.
The iguana is lightly wounded.
The iguana bites you.
You hit the iguana but do no damage.
The iguana is lightly wounded.
The iguana misses you.
You hit the iguana but do no damage.
The iguana is lightly wounded.
The iguana barely misses you.
You hit the iguana but do no damage.
The iguana is lightly wounded.
The iguana bites you.
* * * LOW HITPOINT WARNING * * *
You feel yourself speed up. The iguana misses you. The iguana bites you.
* * * LOW HITPOINT WARNING * * *
The iguana barely misses you.
There is an open door here.
You open the door.
Duvessa and Dowan come into view.
Duvessa shouts!
You hear a howl!
There is an open door here.
A howler monkey comes into view.
You close the door.
Dowan says, "Magic and the sword, together, will defeat you."
Dowan points at you and mumbles some strange words.
The puff of frost hits you.
* * * LOW HITPOINT WARNING * * *
Your extra speed is starting to run out.
The howler monkey hoots and howls with incredible vigour!
Dowan gestures at you while chanting. The puff of flame hits you.
You die...

#######
#.....+
#....@#
#.....#
#.....#
.##....e#
........#
....e.h.#
........#
........# .. .
........+.....


You could see Duvessa, Dowan and a howler monkey (catching breath).

Vanquished Creatures
  A sky beast (D:5)
  A bullfrog skeleton (D:5)
  An orc (D:5)
  A goblin (D:5)
  2 quokkas (D:5)
6 creatures vanquished.

Notes
Turn   | Place    | Note
-------+----------+-------------------------------------------
     0 | D:5      | Reached skill level 9 in Stealth
     0 | D:5      | MisterFreud the Gnoll Delver began the quest for the Orb.
     0 | D:5      | Reached XP level 1. HP: 23/23 MP: 1/1
     1 | D:6      | Found Kuocum's Antique Weapon Shoppe.
     4 | D:6      | Noticed an orc wizard
     4 | D:6      | Noticed an orc priest
    97 | D:4      | Noticed Sigmund
   110 | D:5      | Noticed an iguana
   131 | D:5      | Reached XP level 2. HP: 18/29 MP: 1/3
   131 | D:5      | Reached XP level 3. HP: 22/35 MP: 1/4
   259 | D:5      | Noticed a sky beast
   266 | D:5      | Killed a sky beast
   267 | D:5      | Reached skill level 1 in Long Blades
   267 | D:5      | Reached skill level 1 in Axes
   267 | D:5      | Reached skill level 1 in Maces & Flails
   267 | D:5      | Reached skill level 1 in Polearms
   267 | D:5      | Reached skill level 1 in Staves
   267 | D:5      | Reached skill level 1 in Slings
   267 | D:5      | Reached skill level 1 in Bows
   267 | D:5      | Reached skill level 1 in Crossbows
   267 | D:5      | Reached skill level 1 in Throwing
   267 | D:5      | Reached skill level 1 in Armour
   267 | D:5      | Reached skill level 1 in Shields
   267 | D:5      | Reached skill level 1 in Unarmed Combat
   267 | D:5      | Reached skill level 1 in Spellcasting
   267 | D:5      | Reached skill level 1 in Conjurations
   267 | D:5      | Reached skill level 1 in Hexes
   267 | D:5      | Reached skill level 1 in Summonings
   267 | D:5      | Reached skill level 1 in Necromancy
   267 | D:5      | Reached skill level 1 in Translocations
   267 | D:5      | Reached skill level 1 in Transmutations
   267 | D:5      | Reached skill level 1 in Fire Magic
   267 | D:5      | Reached skill level 1 in Ice Magic
   267 | D:5      | Reached skill level 1 in Air Magic
   267 | D:5      | Reached skill level 1 in Earth Magic
   267 | D:5      | Reached skill level 1 in Poison Magic
   267 | D:5      | Reached skill level 1 in Invocations
   267 | D:5      | Reached skill level 1 in Evocations
   267 | D:5      | Reached XP level 4. HP: 41/41 MP: 4/6
   267 | D:5      | Reached XP level 5. HP: 47/47 MP: 4/7
   385 | D:5      | Noticed Duvessa
   385 | D:5      | Noticed Dowan
   395 | D:5      | Killed from afar by Dowan

Illustrated notes

Levels and vault maps discovered:
D:4:      layout_basic, nicolae_gozag_zags_fifth_avenue, uniq_sigmund
D:5:      layout_gridville, uniq_duvessa
D:6:      layout_basic, minmay_temple_entry_drinking_statues, serial_shops,
          shop, kennysheep_mini_moat, nicolae_shop_stone,
          nicolae_shop_statue_plus, serial_glass, glass_columns_a,
          glass_columns_c, minmay_fractal_squares_diagonal_5,
          uniq_crazy_yiuf_cottage

Skill      XL: |  1  2  3 |
---------------+----------+-----
Stealth        | |  9.6
Long Blades    | 1 |  1.3
Axes           | 1 |  1.3
Maces & Flails | 1 |  1.3
Polearms       | 1 |  1.3
Staves         | 1 |  1.3
Slings         | 1 |  1.3
Bows           | 1 |  1.3
Crossbows      | 1 |  1.3
Throwing       | 1 |  1.3
Armour         | 1 |  1.3
Shields        | 1 |  1.3
Unarmed Combat | 1 |  1.3
Spellcasting   | 1 |  1.3
Conjurations   | 1 |  1.1
Hexes          | 1 |  1.1
Summonings     | 1 |  1.1
Necromancy     | 1 |  1.1
Translocations | 1 |  1.1
Transmutations | 1 |  1.1
Fire Magic     | 1 |  1.1
Ice Magic      | 1 |  1.1
Air Magic      | 1 |  1.1
Earth Magic    | 1 |  1.1
Poison Magic   | 1 |  1.1
Invocations    | 1 |  1.5
Evocations     | 1 |  1.3
Fighting       | |  6.6
Short Blades   | |  4.7
Dodging        | |  4.7

Action                   |  1- 3 |  4- 6 || total
-------------------------+-------+-------++-------
Melee: Short sword       |    31 |    17 ||    48
       Bite              |     2 |     6 ||     8
       Punch             |     1 |       ||     1
  Use: Scroll            |       |     1 ||     1
       Potion            |       |     1 ||     1
 Stab: Sleeping          |     1 |       ||     1
Armor: Leather armour    |     5 |     1 ||     6
Dodge: Dodged            |    18 |     8 ||    26
